 Dungeon Crawl Stone Soup version 0.23.1-37-gaa34b87b72 (webtiles) character file.

Game seed: 2799035980143230973

9643 PentaManta the Slinger (level 11, -24/80 HPs)
             Began as a Halfling Hunter on Mar 25, 2019.
             Was an Elder of Okawaru.
             Annihilated by a white ugly thing (48 damage)
             ... on level 11 of the Dungeon.
             The game lasted 00:19:16 (9001 turns).

PentaManta the Slinger (Halfling Hunter)            Turns: 9001, Time: 00:19:19

Health: -24/80     AC:  6    Str: 29    XL:     11   Next: 78%
Magic:  11/11      EV: 22    Int:  9    God:    Okawaru [****..]
Gold:   555        SH:  0    Dex: 13    Spells: 10/10 levels left

rFire    + + .     SeeInvis .   G - +10 hunting sling "Oskauhe" {freeze, rF++ rN+++ Str+2 Dex-3}
rCold    x . .     Gourm    .   (shield restricted)
rNeg     + + +     Faith    .   y - +0 robe of Vanoj {*Drain rC- Regen+ Str+9}
rPois    +         Spirit   .   u - +2 helmet
rElec    .         Reflect  .   x - +0 cloak
rCorr    .         Harm     +   (no gloves)
MR       .....                  (no boots)
Stlth    ++........             t - amulet of harm
HPRegen  0.63/turn              r - +2 ring of strength
MPRegen  0.12/turn              F - ring of poison resistance

@: about to teleport
A: small, mutation resistance 1
a: Heroism, Renounce Religion


You were on level 11 of the Dungeon.
You worshipped Okawaru.
Okawaru was greatly pleased with you.
You were not hungry.

You visited 2 branches of the dungeon, and saw 12 of its levels.
You also visited: Sewer.

You collected 555 gold pieces.

Inventory:

Hand Weapons
 i - a +1 short sword of venom
 G - the +10 hunting sling "Oskauhe" (weapon) {freeze, rF++ rN+++ Str+2 Dex-3}
   (You found it on level 9 of the Dungeon)

   It causes projectiles fired from it to freeze those they strike, causing
   extra injury to most foes and up to half again as much damage against
   particularly susceptible opponents.
   They can also slow down cold-blooded creatures.
   It affects your strength (+2).
   It affects your dexterity (-3).
   It greatly protects you from fire.
   It renders you almost immune to negative energy.
Missiles
 g - 300 stones
 v - a throwing net
 A - 85 sling bullets (quivered)
Armour
 m - a +0 shield
 u - a +2 helmet (worn)
 x - a +0 cloak (worn)
 y - the +0 robe of Vanoj (worn) {*Drain rC- Regen+ Str+9}
   (You found it on level 6 of the Dungeon)

   It affects your strength (+9).
   It makes you vulnerable to cold.
   It increases your rate of regeneration.
   It causes draining when unequipped.
 E - a +1 buckler
Jewellery
 l - an uncursed ring of ice
 r - a +2 ring of strength (left hand)
 t - an amulet of harm (around neck)
 F - a ring of poison resistance (right hand)
Wands
 w - a wand of acid (5)
 D - a wand of paralysis (8)
Scrolls
 b - 2 scrolls of teleportation
 c - 2 scrolls of enchant armour
 d - 7 scrolls of remove curse
 h - 2 scrolls of enchant weapon
 k - a scroll of identify
 n - 6 scrolls of amnesia
Potions
 a - a potion of mutation {unknown}
 e - 6 potions of curing
 j - a potion of heal wounds
 o - 3 potions of flight
 p - 2 potions of lignification
 q - 4 potions of brilliance
 z - 2 potions of resistance
 B - 2 potions of haste {unknown}
 C - a potion of degeneration {unknown}
Miscellaneous
 s - a fan of gales
Comestibles
 f - 26 rations


   Skills:
 + Level 9.6 Fighting
 + Level 14.8 Slings
 + Level 11.3 Dodging
 - Level 1.1 Stealth


You had 10 spell levels left.
You didn't know any spells.
Your spell library contained the following spells:

 Spells                   Type           Power        Failure   Level  Hunger
 Animate Skeleton         Necr           N/A          38%         1    ##.....
 Apportation              Tloc           #.....       38%         1    ##.....
 Confusing Touch          Hex            #.....       38%         1    ##.....
 Corona                   Hex            #......      38%         1    ##.....
 Pain                     Necr           #...         38%         1    ##.....
 Sandblast                Erth           #.....       38%         1    ##.....
 Summon Small Mammal      Summ           #...         38%         1    ##.....
 Ensorcelled Hibernation  Hex/Ice        #.....       52%         2    ###....
 Passwall                 Tmut/Erth      #.......     52%         2    ###....
 Confuse                  Hex            #.......     77%         3    ####...
 Dazzling Spray           Conj/Hex       #.....       77%         3    ####...
 Gell's Gravitas          Tloc           #.........   77%         3    ####...
 Regeneration             Chrm/Necr      #.........   77%         3    ####...
 Stone Arrow              Conj/Erth      #.....       77%         3    ####...
 Tukima's Dance           Hex            #.......     77%         3    ####...
 Vampiric Draining        Necr           #.........   77%         3    ####...
 Animate Dead             Necr           N/A          99%         4    #####..
 Petrify                  Tmut/Erth      #.......     99%         4    #####..
 Alistair's Intoxication  Tmut/Pois      #.......     100%        5    ######.
 Lee's Rapid Deconstruct  Erth           #.........   100%        5    ######.
 Metabolic Englaciation   Hex/Ice        #.........   100%        5    ######.
 Silence                  Hex/Air        #.........   100%        5    ######.
 Yara's Violent Unravell  Hex/Tmut       #.........   100%        5    ######.


Dungeon Overview and Level Annotations

Branches:
Dungeon (11/15)            Temple (1/1) D:6            Lair (0/6) D:9
    Orc: D:9-12

Altars:
Ashenzari
Cheibriados
Dithmenos
Elyvilon
Fedhas
Gozag
Hepliaklqana
Kikubaaqudgha
Makhleb
Nemelex Xobeh
Okawaru
Qazlal
Ru
Sif Muna
Trog
Uskayaw
Vehumet
Wu Jian
Xom
Yredelemnul
Zin
The Shining One

Shops:
D:7 *


Innate Abilities, Weirdness & Mutations

You are small and have problems with some larger weapons.
You are somewhat resistant to further mutation.


Message History

Aim: a white ugly thing (moderately wounded)
You shoot a sling bullet.
The sling bullet barely misses the white ugly thing.
The centaur warrior skeleton completely misses you.
The steam dragon barely misses you. The steam dragon closely misses you.
As you read the scroll of teleportation, it crumbles to dust.
You feel strangely unstable.
The centaur warrior skeleton misses you.
The white ugly thing tentacle-slaps you.
The white ugly thing freezes you!!!
You feel a terrible chill!
Ouch! That really hurt!
* * * LOW HITPOINT WARNING * * *
The steam dragon barely misses you. The steam dragon misses you.
You feel much better.
The centaur warrior skeleton barely misses you.
The white ugly thing tentacle-slaps you!
* * * LOW HITPOINT WARNING * * *
The white ugly thing freezes you!!!
You feel a terrible chill!
Ouch! That really hurt!
You die...

#......
###.....###....<##..#
#...^.. ##...##
##..#.## .# ###.###
####.#### #..#..# .#
#. #.......#
#..##.#..# .
#.......# #..##.#..#
# #.......#
#....<...# #.......#
##.##.#.## #.......#
#.##.#.#
#...@D..####....# #
#...uZ.......####
#####($......#
......... ........#
%...(.. .(..(..
....... #######


You could see a white ugly thing, a steam dragon and a centaur warrior skeleton.

Vanquished Creatures
  A two-headed ogre (D:8)
  Pikel (D:9)
  A manticore (D:11)
  2 trolls (D:9)
  A hornet (D:9)
  3 hippogriffs
  A shadow (D:11)
  5 yaks
  A human (D:8)
  2 water moccasins
  A porcupine (D:9)
  3 sky beasts
  4 orc warriors
  An ice beast (D:7)
  4 slaves (D:9)
  A black bear (D:8)
  8 ogres
  4 centaurs
  4 phantoms
  7 bullfrogs
  A gnoll sergeant (D:9)
  2 wyvern zombies
  A water moccasin zombie (D:8)
  6 scorpions
  4 killer bees (D:7)
  4 wights (D:11)
  9 howler monkeys
  3 centaur zombies
  2 crimson imps
  2 bullfrog zombies
  4 hounds
  3 jellies
  A centaur skeleton (D:6)
  Crazy Yiuf (D:7)
  A gnoll shaman (D:9)
  4 orc priests
  9 orc wizards
  A bullfrog skeleton (D:4)
  3 iguanas
  9 worker ants
  2 hound skeletons
  A hound zombie (D:6)
  4 worker ant zombies
  10 gnolls
  14 adders
  2 river rats (D:4)
  2 shadow imps
  16 oozes
  3 worms
  4 dart slugs
  15 leopard geckos
  30 orcs
  10 giant cockroaches
  7 goblins
  7 hobgoblins
  14 jackals
  14 kobolds
  7 quokkas
  8 ball pythons
  17 bats
  11 frilled lizards
  A jackal skeleton (D:8)
  A jackal zombie (D:6)
  A kobold skeleton (D:8)
  A quokka skeleton (D:5)
  A quokka zombie (D:8)
  10 rats
338 creatures vanquished.

Vanquished Creatures (others)
  A plant (D:9)
1 creature vanquished.

Grand Total: 339 creatures vanquished

Notes
Turn   | Place    | Note
-------+----------+-------------------------------------------
     0 | D:1      | PentaManta the Halfling Hunter began the quest for the Orb.
     0 | D:1      | Reached XP level 1. HP: 14/14 MP: 1/1
    14 | D:1      | Reached skill level 6 in Slings
    14 | D:1      | Reached XP level 2. HP: 19/19 MP: 2/2
   150 | D:1      | Reached XP level 3. HP: 24/24 MP: 3/3
   623 | D:2      | Reached XP level 4. HP: 26/30 MP: 4/4
  1352 | D:3      | Found a stormy altar of Qazlal.
  1355 | D:3      | Reached XP level 5. HP: 36/36 MP: 5/5
  1359 | D:3      | Reached skill level 7 in Slings
  1771 | D:4      | Identified the Disquisition on Hexes and Transmutation
  1791 | D:4      | Reached XP level 6. HP: 32/42 MP: 6/6
  1813 | D:4      | Noticed a phantom
  1821 | D:4      | Found a glowing drain.
  2179 | Sewer    | Entered a sewer
  2281 | Sewer    | Reached skill level 8 in Slings
  2306 | Sewer    | Reached XP level 7. HP: 47/47 MP: 7/7
  2551 | Sewer    | Reached skill level 5 in Dodging
  2820 | D:4      | Reached skill level 9 in Slings
  2820 | D:4      | Reached XP level 8. HP: 54/54 MP: 8/8
  2956 | D:4      | Found a basalt altar of Yredelemnul.
  3015 | D:4      | Found a white marble altar of Elyvilon.
  3139 | D:4      | Reached skill level 5 in Fighting
  3289 | D:5      | Entered Level 5 of the Dungeon
  3719 | D:5      | Reached skill level 10 in Slings
  3858 | D:5      | Reached XP level 9. HP: 60/62 MP: 9/9
  3977 | D:6      | Got a thick robe
  3996 | D:6      | Identified the +0 robe of Vanoj {*Drain rC- Regen+ Str+9}
                  | (You found it on level 6 of the Dungeon)
  4110 | D:6      | Reached skill level 11 in Slings
  4408 | D:6      | Found an ornate altar of the Wu Jian Council.
  4505 | D:6      | Found a staircase to the Ecumenical Temple.
  4513 | Temple   | Entered the Ecumenical Temple
  4675 | Temple   | Became a worshipper of Warmaster Okawaru
  4802 | D:7      | Noticed a hippogriff
  4810 | D:7      | Killed a hippogriff
  4916 | D:7      | Reached * piety under Okawaru
  5080 | D:7      | Reached XP level 10. HP: 71/71 MP: 10/10
  5166 | D:7      | Reached skill level 12 in Slings
  5500 | D:7      | Found Unicius's General Store.
  5825 | D:7      | Found a runed translucent door.
  5826 | D:7      | Noticed Crazy Yiuf
  5901 | D:7      | Reached ** piety under Okawaru
  6209 | D:7      | Killed Crazy Yiuf
  6326 | D:8      | Found a runed translucent door.
  6345 | D:8      | Found a basalt altar of Yredelemnul.
  6484 | D:8      | Noticed a two-headed ogre
  6500 | D:8      | Killed a two-headed ogre
  6500 | D:8      | Reached skill level 13 in Slings
  6557 | D:8      | Reached *** piety under Okawaru
  6650 | D:8      | Received a gift from Okawaru
  6804 | D:8      | Reached skill level 10 in Dodging
  6994 | D:8      | Found a burning altar of Makhleb.
  6996 | D:8      | Noticed a cacodemon
  6997 | D:8      | Found a glowing silver altar of Zin.
  6997 | D:8      | Noticed an angel
  7228 | D:9      | Received a gift from Okawaru
  7228 | D:9      | Reached XP level 11. HP: 78/78 MP: 11/11
  7271 | D:9      | Got a crude hunting sling
  7272 | D:9      | Identified the +10 hunting sling "Oskauhe" {freeze, rF++
                  | rN+++ Str+2 Dex-3} (You found it on level 9 of the Dungeon)
  7454 | D:9      | Found a staircase to the Lair.
  7590 | D:9      | Noticed Pikel
  7599 | D:9      | Killed Pikel
  7599 | D:9      | Reached **** piety under Okawaru
  7599 | D:9      | Received a gift from Okawaru
  7599 | D:9      | Reached skill level 14 in Slings
  8128 | D:10     | Entered Level 10 of the Dungeon
  8266 | D:10     | Received a gift from Okawaru
  8876 | D:11     | Noticed a manticore
  8883 | D:11     | Killed a manticore
  8941 | D:11     | Received a gift from Okawaru
  8987 | D:11     | Noticed a white ugly thing
  9000 | D:11     | HP: 1/80 [white ugly thing (46)]
  9001 | D:11     | Annihilated by a white ugly thing

Skill      XL: |  1  2  3  4  5  6  7  8  9 10 11 |
---------------+----------------------------------+-----
Fighting       | 2 3 4 5 7 8 9 |  9.6
Slings         | 6 7 8 9 10 11 13 14 | 14.8
Dodging        | 3 4 5 6 8 10 11 | 11.3
Stealth        | |  1.1

Action                   |  1- 3 |  4- 6 |  7- 9 | 10-12 || total
-------------------------+-------+-------+-------+-------++-------
 Fire: Hunting sling     |    85 |   292 |   447 |   398 ||  1222
  Use: Scroll            |       |     3 |     7 |    10 ||    20
       Potion            |       |     1 |       |     1 ||     2
  Eat: Chunk             |       |     4 |     8 |    11 ||    23
Armor: Leather armour    |     5 |    32 |     8 |       ||    45
       Robe              |       |       |     4 |     5 ||     9
Dodge: Dodged            |    21 |    95 |    75 |    70 ||   261
